 Dungeon Crawl Stone Soup version 0.28-a0-1545-g945cd3f27e (webtiles) character file.

Game seed: 7364582035834374523

29 BritishOli the Skirmisher (level 3, -2/29 HPs)
             Began as a Demonspawn Monk on Jan 18, 2022.
             Slain by a scorpion (9 damage)
             ... on level 2 of the Dungeon.
             The game lasted 00:01:13 (1205 turns).

BritishOli the Skirmisher (Demonspawn Monk)         Turns: 1205, Time: 00:01:13

Health: -2/29      AC:  2    Str: 13    XL:     3   Next: 1%
Magic:  3/3        EV: 13    Int: 11    God:
Gold:   35         SH:  0    Dex: 15    Spells: 2/2 levels left

rFire   . . .      SeeInvis .   a - +0 falchion
rCold   . . .      Faith    .   (no shield)
rNeg    . . .      Spirit   .   b - +0 robe
rPois   .          Reflect  .   (helmet restricted)
rElec   .          Harm     .   (no cloak)
rCorr   .          Rampage  .   (no gloves)
Will    .....                   (no boots)
Stlth   ++........              (no amulet)
HPRegen 0.09/turn               (no ring)
MPRegen 0.08/turn               (no ring)

@: lethally poisoned (-2 -> -8)
A: horns 1
a: no special abilities


You were on level 2 of the Dungeon.
You visited 1 branch of the dungeon, and saw 2 of its levels.

You collected 35 gold pieces.

Inventory:

Hand Weapons
 a - a +0 falchion (weapon)
Armour
 b - a +0 robe (worn)
Potions
 c - a potion of heal wounds {unknown}
 d - 2 potions of mutation {unknown}
 e - a potion of might {unknown}


   Skills:
 + Level 3.3 Fighting
 * Level 3.1 Long Blades
 + Level 0.4 Armour
 + Level 3.0 Dodging
 - Level 2.0 Stealth


You had 2 spell levels left.
You didn't know any spells.
Your spell library contained the following spells:

 Spells                   Type           Power      Damage    Failure   Level
 Ensorcelled Hibernation  Hex/Ice        0%         N/A       47%         2
 Spider Form              Tmut/Pois      0%         N/A       71%         3
 Tukima's Dance           Hex            0%         N/A       71%         3
 Anguish                  Hex/Necr       0%         N/A       98%         4
 Passage of Golubria      Tloc           0%         N/A       98%         4
 Yara's Violent Unravell  Hex/Tmut       0%         3d3       100%        5
 Malign Gateway           Summ/Tloc      0%         N/A       100%        7
 Summon Horrible Things   Summ           0%         N/A       100%        8


Dungeon Overview and Level Annotations

Branches:
Dungeon (2/15)

Altars:

Shops:
D:2 *(=


Innate Abilities, Weirdness & Mutations

You have a pair of small horns on your head.


Message History

The dart slug is almost dead.
The dart slug bites you.
You completely miss the dart slug. You headbutt the dart slug.
You kill the dart slug!
You have reached level 3!
Your experience leads to an increase in your attributes!
Increase (S)trength, (I)ntelligence, or (D)exterity?
You feel stronger. x2
HP restored.
There is an entrance to Ymmurph's Assorted Antiques here.
Found Coixta's Jewellery Shoppe.
Found an escape hatch in the ceiling.
There is an entrance to Rusuisen's Weapon Emporium here.
There is an entrance to Coixta's Jewellery Shoppe here.
A scorpion comes into view.
A scorpion is nearby!
A giant cockroach and a kobold come into view.
Found 8 gold pieces.
The kobold shouts!
There are monsters nearby!
The scorpion stings you.
You are poisoned.
The scorpion poisons you!
A kobold comes into view. It is wielding a +0 short sword.
You completely miss the scorpion.
The kobold shouts!
Your headbutt misses the scorpion.
You feel very sick. The scorpion stings you.
You are more poisoned.
The scorpion poisons you! The scorpion stings you.
You feel very sick. The scorpion closely misses you.
The kobold throws a stone.
The stone closely misses you.
Okay, then.
You feel very sick.
You feel very sick.
* * * LOW HITPOINT WARNING * * *
You feel sick. The scorpion stings you!
You die...

.. .......#.......# .
#..##.#.#####.#
####.###..##.#.# #.# .
...........#.# #.#
####...#.......# #.#
#......#.8##.### #.#
.......#.<##.# #.#
.......8.∩.8.#######.#######
..........##....@sB.K.K$...#
.........8##..######........
..............# ...####.#
.......∩.####.# #.....
#.............. .....##
.....(......>.. ##.##.#
#.#............ .. ..
...........#... #. .##
#.##...........


You could see a scorpion, a giant cockroach and 2 kobolds.

Vanquished Creatures
  3 dart slugs
  2 endoplasms (D:1)
  A giant cockroach (D:1)
  A goblin (D:1)
  3 hobgoblins (D:1)
  2 quokkas (D:1)
  5 bats
  2 frilled lizards
  2 kobolds (D:1)
  2 rats (D:1)
23 creatures vanquished.

Notes
Turn   | Place    | Note
-------+----------+-------------------------------------------
     0 | D:1      | BritishOli the Demonspawn Monk began the quest for the Orb.
     0 | D:1      | Reached XP level 1. HP: 18/18 MP: 1/1
   212 | D:1      | Gained mutation: You have a pair of small horns on your
                  | head. [demonic ancestry]
   212 | D:1      | Reached XP level 2. HP: 22/24 MP: 2/2
  1142 | D:2      | Found Rusuisen's Weapon Emporium.
  1145 | D:2      | Found Ymmurph's Assorted Antiques.
  1152 | D:2      | Reached XP level 3. HP: 27/29 MP: 3/3
  1168 | D:2      | Found Coixta's Jewellery Shoppe.
  1197 | D:2      | Noticed a scorpion
  1205 | D:2      | Slain by a scorpion

Illustrated notes

Levels and vault maps discovered:
D:1:      minmay_arrival_nine_rooms, layout_basic
D:2:      layout_basic, serial_shops, shop, shop, nicolae_shop_statue_plus,
          shop, shop, minmay_misc_feat_diagonals, uniq_jessica

Skill      XL: |  1  2 |
---------------+-------+-----
Stealth        | 2 |  2.0
Long Blades    | 3 |  3.1
Dodging        | 3 |  3.0
Fighting       | |  3.3
Armour         | |  0.4

Action                   || total
-------------------------++-------
Melee: Falchion          ||    54
       Headbutt          ||     7
 Stab: Sleeping          ||     6
Armor: Robe              ||     8
Dodge: Dodged            ||    29

Table legend: (Time is in decaauts)
 A = Elapsed time spent in this place.
 B = Non-inter-level travel time spent in this place.
 C = Inter-level travel time spent in this place.
 D = Time resting spent in this place.
 E = Time spent auto-exploring this place.
 F = Levels seen in this place.
 G = Mean time per level.
                   A        B        C        D        E       F      G
               +--------+--------+--------+--------+--------+-----+--------+
         Total |   1213 |   1199 |     14 |      0 |   1040 |   2 |  606.5 |
       Dungeon |   1213 |   1199 |     14 |      0 |   1040 |   2 |  606.5 |
               +--------+--------+--------+--------+--------+-----+--------+

Top non-repeatable levels by time:
     D:1: 1133 daAuts
     D:2: 79 daAuts
